 Dungeon Crawl Stone Soup version 0.25-b1-46-gb8a1ec05df (webtiles) character file.

Game seed: 10294810215285643223

44 MajorAdolf the Gusty (level 3, 0/34 HPs)
             Began as a Naga Wanderer on June 9, 2020.
             Slain by a gnoll
             ... wielding a +0 spear
              (2 damage)
             ... on level 2 of the Dungeon.
             The game lasted 00:03:02 (2054 turns).

MajorAdolf the Gusty (Naga Wanderer)                Turns: 2054, Time: 00:03:03

Health: 0/34       AC:  3    Str: 22    XL:     3   Next: 62%
Magic:  0/3        EV:  8    Int: 13    God:
Gold:   70         SH:  0    Dex:  8    Spells: 1/2 levels left

rFire    + . .     SeeInvis +   f - +3 dagger
rCold    . . .     Gourm    .   (no shield)
rNeg     . . .     Faith    .   o - +0 ring mail
rPois    +         Spirit   +   (no helmet)
rElec    .         Reflect  .   (no cloak)
rCorr    .         Harm     .   (no gloves)
MR       .....                  (no barding)
Stlth    +.........             l - amulet of guardian spirit
HPRegen  0.11/turn              j - +6 ring of strength
MPRegen  0.08/turn              p - ring of protection from fire

@: short of breath, very slow
A: large, see invisible, deformed body, poison resistance, slowness 2, slow
metabolism 1, spit poison 1, AC +1
a: Spit Poison


You were on level 2 of the Dungeon.
You were not hungry.

You visited 1 branch of the dungeon, and saw 2 of its levels.

You collected 70 gold pieces.

Inventory:

Hand Weapons
 a - a +3 dagger
 c - a +0 shortbow
 f - a +3 dagger (weapon)
Missiles
 d - 49 arrows
Armour
 o - a +0 ring mail (worn)
Jewellery
 j - a +6 ring of strength (left hand)
 l - an amulet of guardian spirit (around neck)
 p - a ring of protection from fire (right hand)
Scrolls
 b - a scroll of blinking
 m - 2 scrolls of identify
 q - a scroll of fear {unknown}
 r - a scroll of enchant weapon
Potions
 e - a potion of stabbing {unknown}
 h - a potion of curing {unknown}
 i - 2 potions of berserk rage {unknown}
 k - a potion of degeneration {unknown}
 n - a potion of heal wounds {unknown}
Comestibles
 g - 4 rations
 s - a chunk of flesh


   Skills:
 + Level 3.4 Fighting
 - Level 1.7 Bows
 - Level 3.0 Stealth
 - Level 5.0 Air Magic


You had one spell level left.
You knew the following spells:

 Your Spells              Type           Power        Failure   Level  Hunger
a - Shock                 Conj/Air       #...         19%         1    ##.....

Your spell library contained the following spells:

 Spells                   Type           Power        Failure   Level  Hunger
 Mephitic Cloud           Conj/Pois/Air  #.......     61%         3    ####...


Dungeon Overview and Level Annotations

Branches:
Dungeon (2/15)

Altars:


Innate Abilities, Weirdness & Mutations

You cannot wear boots.
Your serpentine skin is tough. (AC +1)
You have supernaturally acute eyesight. (SInv)
Armour fits poorly on your strangely shaped body.
Your system is resistant to poisons. (rPois)
You cover ground very slowly.
You have a slow metabolism.
You can spit poison.


Message History

The gnoll is almost dead.
You feel slightly more hungry.
The gnoll hits you from afar with a +0 spear.
* * * LOW HITPOINT WARNING * * *
The gnoll closely misses you.
You have got your breath back.
The gnoll barely misses you.
Press: ? - help, Shift-Dir - straight line, f/p - gnoll
Aim: a gnoll, wielding a +0 spear The splash of poison hits the gnoll.
You kill the gnoll!
You feel slightly more hungry.
The gnoll hits you from afar with a +0 spear.
* * * LOW HITPOINT WARNING * * *
The gnoll hits you from afar with a +0 spear.
* * * LOW HITPOINT WARNING * * *
There is a stone staircase leading up here.
Unknown command.
The gnoll hits you from afar with a +0 spear.
You die...

### ..# ######.##
#.......# #g####..#
#.# #..# #@# #..#
### #.)# #########
#..# g...(.g$# #).#
#.# #..# #.# #..#
...###.###..#######
#..g..g..........#
#####.####..≈≈≈≈.#


You could see a gnoll.

Vanquished Creatures
  A gnoll (D:2)
  3 dart slugs (D:1)
  A leopard gecko (D:1)
  5 goblins (D:1)
  4 hobgoblins
  3 bats (D:1)
  3 frilled lizards (D:1)
  5 kobolds
  5 rats (D:1)
30 creatures vanquished.

Notes
Turn   | Place    | Note
-------+----------+-------------------------------------------
     0 | D:1      | MajorAdolf the Naga Wanderer began the quest for the Orb.
     0 | D:1      | MajorAdolf set off with the following items: a +2 dagger, a
                  | scroll of blinking, a +0 shortbow, 24 arrows, a +0 robe, a
                  | ration; and the following spell memorised: Shock; and the
                  | following spells available to memorise: Mephitic Cloud
     0 | D:1      | Reached XP level 1. HP: 18/18 MP: 1/1
   464 | D:1      | Reached XP level 2. HP: 26/26 MP: 2/2
  1206 | D:1      | Reached XP level 3. HP: 33/33 MP: 3/3
  2054 | D:2      | Slain by a gnoll

Illustrated notes

Levels and vault maps discovered:
D:1:      tarquinn_simple_flora_water_b, layout_basic, solitary_fountain,
          minmay_vboxes
D:2:      layout_basic, dk_noncrumbling_2, chequers_serial_rivers_micro_d

Skill      XL: |  1  2  3 |
---------------+----------+-----
Fighting       | 2 3 |  3.4
Bows           | |  1.7
Stealth        | |  3.0
Air Magic      | |  5.0

Action                   || total
-------------------------++-------
Melee: Dagger            ||    51
 Abil: Spit Poison       ||    34
  Use: Scroll            ||     3
  Eat: Chunk             ||     4
Armor: Robe              ||     1
       Ring mail         ||    15
Dodge: Dodged            ||    35
